SAA
VIRGINIA BEACH WHALES @ TACOMA FUR TRADERS
08/12/2042
 
TOP OF THE 1ST
Virginia Beach Whales batting - Pitching for Tacoma Fur Traders : RHP Byron Cooling
Pitching: RHP Byron Cooling
Batting: RHB Jessie Gibbs 0-0: Called Strike
0-1: Swinging Strike
0-2: Ground out 6-3 (Groundball, 6M, EV 78.8 MPH)
Batting: RHB Daniel MacKinder 0-0: Called Strike
0-1: Ball
1-1: Bunted foul
1-2: Ball
2-2: Fly out, F8 (Line Drive, 8LD, EV 90.0 MPH)
Batting: RHB Óscar Cardozo 0-0: Ball
1-0: Ball
2-0: Called Strike
2-1: Fly out, F9 (Flyball, 9D, EV 100.0 MPH)
Top of the 1st over - 0 runs, 0 hits, 0 errors, 0 left on base; Virginia Beach 0 - Tacoma 0
BOTTOM OF THE 1ST
Tacoma Fur Traders batting - Pitching for Virginia Beach Whales : LHP Remco Mansvelt
Pitching: LHP Remco Mansvelt
Batting: RHB Terry Boyle 0-0: Called Strike
0-1: Ball
1-1: Ball
2-1: Ball
3-1: Ground out 1-3 (Groundball, 34S, EV 69.4 MPH)
Batting: RHB Félix Olvera 0-0: Called Strike
0-1: Ball
1-1: Swinging Strike
1-2: Ball
2-2: Foul Ball, location: 2F
2-2: Strikes out looking
Batting: RHB Axel Chicote 0-0: Called Strike
0-1: Foul Ball, location: 2F
0-2: Fly out, F6 (Line Drive, 6, EV 71.2 MPH)
Bottom of the 1st over - 0 runs, 0 hits, 0 errors, 0 left on base; Virginia Beach 0 - Tacoma 0
TOP OF THE 2ND
Virginia Beach Whales batting - Pitching for Tacoma Fur Traders : RHP Byron Cooling
Batting: RHB Todd Walker 0-0: Ball
1-0: Fly out, F8 (Flyball, 8RD, EV 108.8 MPH)
Batting: RHB Paul Pitts 0-0: Called Strike
0-1: Swinging Strike
0-2: Ball
1-2: Strikes out looking
Batting: LHB Asberry Harpending 0-0: Ball
1-0: Foul Ball, location: 2F
1-1: Foul Ball, location: 2F
1-2: Ball
2-2: Foul Ball, location: 2F
2-2: Strikes out swinging
Top of the 2nd over - 0 runs, 0 hits, 0 errors, 0 left on base; Virginia Beach 0 - Tacoma 0
BOTTOM OF THE 2ND
Tacoma Fur Traders batting - Pitching for Virginia Beach Whales : LHP Remco Mansvelt
Batting: LHB Sam Bickerton 0-0: Ball
1-0: Ball
2-0: Foul Ball, location: 2F
2-1: Swinging Strike
2-2: Ball
3-2: Base on Balls
Batting: LHB Hori Ikenaki 0-0: Ball
1-0: Ball
2-0: Ball
3-0: Called Strike
3-1: SINGLE (Groundball, 5D, EV 100.6 MPH)
Sam Bickerton to second
Batting: RHB Mo Westoby 0-0: Foul Ball, location: 2F
0-1: Fly out, F9 (Flyball, 9, EV 98.8 MPH)
Batting: LHB Ezequiel Viana 0-0: Ball
1-0: Ball
2-0: Ball
3-0: Called Strike
3-1: Foul Ball, location: 2F
3-2: Fly out, F8 (Flyball, 8RM, EV 73.1 MPH)
Batting: RHB Iván Coello 0-0: Ball
1-0: Called Strike
1-1: Ball
2-1: Fly out, F5 (Line Drive, 5, EV 72.5 MPH)
Bottom of the 2nd over - 0 runs, 1 hit, 0 errors, 2 left on base; Virginia Beach 0 - Tacoma 0
TOP OF THE 3RD
Virginia Beach Whales batting - Pitching for Tacoma Fur Traders : RHP Byron Cooling
Batting: RHB Juan Oleastro 0-0: Ball
1-0: Called Strike
1-1: Ball
2-1: Ball
3-1: Base on Balls
Batting: RHB Roberto González 0-0: Ball
1-0: Ball
2-0: Fielders Choice at 2nd, 6-4 (Groundball, 6, EV 83.8 MPH)
Batting: RHB Nick Harper 0-0: Ball
Roberto González is caught stealing 2nd base 2-4
1-0: Called Strike
1-1: Ground out 1-3 (Groundball, 15S, EV 67.5 MPH)
Top of the 3rd over - 0 runs, 0 hits, 0 errors, 0 left on base; Virginia Beach 0 - Tacoma 0
BOTTOM OF THE 3RD
Tacoma Fur Traders batting - Pitching for Virginia Beach Whales : LHP Remco Mansvelt
Batting: SHB Toshiyuki Gato 0-0: Swinging Strike
0-1: Fly out, F8 (Flyball, 8RM, EV 86.2 MPH)
Batting: RHB Terry Boyle 0-0: Swinging Strike
0-1: Called Strike
0-2: Ball
1-2: Foul Ball, location: 2F
1-2: Ball
2-2: Foul Ball, location: 2F
2-2: Ball
3-2: Foul Ball, location: 2F
3-2: Base on Balls
Batting: RHB Félix Olvera 0-0: Ball
1-0: Fly out, F9 (Flyball, 89D, EV 91.2 MPH)
Batting: RHB Axel Chicote 0-0: Ball
1-0: Called Strike
1-1: Foul Ball, location: 2F
1-2: Fly out, F8 (Flyball, 78D, EV 85.0 MPH)
Bottom of the 3rd over - 0 runs, 0 hits, 0 errors, 1 left on base; Virginia Beach 0 - Tacoma 0
TOP OF THE 4TH
Virginia Beach Whales batting - Pitching for Tacoma Fur Traders : RHP Byron Cooling
Batting: RHB Jessie Gibbs 0-0: Ball
1-0: Swinging Strike
1-1: Ball
2-1: Ball
3-1: Fly out, F3 (Popup, 3F, EV 74.4 MPH)
Batting: RHB Daniel MacKinder 0-0: Foul Ball, location: 2F
0-1: Called Strike
0-2: Ball
1-2: Foul Ball, location: 2F
1-2: Strikes out swinging
Batting: RHB Óscar Cardozo 0-0: SINGLE (Groundball, 56D, EV 99.4 MPH)
Batting: RHB Todd Walker 0-0: Swinging Strike
0-1: Ball
Óscar Cardozo is caught stealing 2nd base 2-4
Top of the 4th over - 0 runs, 1 hit, 0 errors, 0 left on base; Virginia Beach 0 - Tacoma 0
BOTTOM OF THE 4TH
Tacoma Fur Traders batting - Pitching for Virginia Beach Whales : LHP Remco Mansvelt
Batting: LHB Sam Bickerton 0-0: Ball
1-0: Foul Ball, location: 2F
1-1: Swinging Strike
1-2: Strikes out swinging
Batting: LHB Hori Ikenaki 0-0: Ground out 4-3 (Groundball, 4, EV 83.8 MPH)
Batting: RHB Mo Westoby 0-0: Foul Ball, location: 2F
0-1: Foul Ball, location: 2F
0-2: Strikes out swinging
Bottom of the 4th over - 0 runs, 0 hits, 0 errors, 0 left on base; Virginia Beach 0 - Tacoma 0
TOP OF THE 5TH
Virginia Beach Whales batting - Pitching for Tacoma Fur Traders : RHP Byron Cooling
Batting: RHB Todd Walker 0-0: Ball
1-0: Ball
2-0: Foul Ball, location: 2F
2-1: Foul Ball, location: 2F
2-2: Strikes out looking
Batting: RHB Paul Pitts 0-0: Foul Ball, location: 2F
0-1: Ball
1-1: Foul Ball, location: 2F
1-2: Ground out 4-3 (Groundball, 4, EV 85.0 MPH)
Batting: LHB Asberry Harpending 0-0: Ball
1-0: Fly out, F8 (Flyball, 8RS, EV 85.0 MPH)
Top of the 5th over - 0 runs, 0 hits, 0 errors, 0 left on base; Virginia Beach 0 - Tacoma 0
BOTTOM OF THE 5TH
Tacoma Fur Traders batting - Pitching for Virginia Beach Whales : LHP Remco Mansvelt
Batting: LHB Ezequiel Viana 0-0: Ball
1-0: Foul Ball, location: 2F
1-1: Ground out 5-3 (Groundball, 56, EV 101.9 MPH)
Batting: RHB Iván Coello 0-0: Called Strike
0-1: Ground out U3 (Groundball, 34, EV 86.9 MPH)
Batting: SHB Toshiyuki Gato 0-0: Called Strike
0-1: Ball
1-1: Ball
2-1: Fly out, F8 (Flyball, 8LD, EV 100.6 MPH)
Bottom of the 5th over - 0 runs, 0 hits, 0 errors, 0 left on base; Virginia Beach 0 - Tacoma 0
TOP OF THE 6TH
Virginia Beach Whales batting - Pitching for Tacoma Fur Traders : RHP Byron Cooling
Batting: RHB Juan Oleastro 0-0: Ball
1-0: Fly out, F7 (Line Drive, 7, EV 86.9 MPH)
Batting: RHB Roberto González 0-0: Called Strike
0-1: Ball
1-1: Swinging Strike
1-2: Strikes out swinging
Batting: RHB Nick Harper 0-0: Ball
1-0: Called Strike
1-1: Hit by Pitch
Batting: RHB Jessie Gibbs 0-0: Ball
1-0: Foul Ball, location: 2F
1-1: Ball
2-1: Ground out U3 (Groundball, 3, EV 87.5 MPH)
Top of the 6th over - 0 runs, 0 hits, 0 errors, 1 left on base; Virginia Beach 0 - Tacoma 0
BOTTOM OF THE 6TH
Tacoma Fur Traders batting - Pitching for Virginia Beach Whales : LHP Remco Mansvelt
Batting: RHB Terry Boyle 0-0: Ball
1-0: Ground out 4-3 (Groundball, 4, EV 104.4 MPH)
Batting: RHB Félix Olvera 0-0: Ball
1-0: Ground out 6-3 (Groundball, 6, EV 106.2 MPH)
Batting: RHB Axel Chicote 0-0: Foul Ball, location: 2F
0-1: SINGLE (Line Drive, 78S, EV 110.0 MPH)
Batting: LHB Sam Bickerton 0-0: Ground out 4-3 (Groundball, 4S, EV 90.0 MPH)
Bottom of the 6th over - 0 runs, 1 hit, 0 errors, 1 left on base; Virginia Beach 0 - Tacoma 0
TOP OF THE 7TH
Virginia Beach Whales batting - Pitching for Tacoma Fur Traders : RHP Byron Cooling
Batting: RHB Daniel MacKinder 0-0: Called Strike
0-1: Ball
1-1: Fly out, F4 (Popup, 34S, EV 80.0 MPH)
Batting: RHB Óscar Cardozo 0-0: Reached on error, E5 (Groundball, 5S, EV 85.0 MPH)
Batting: RHB Todd Walker 0-0: Ball
1-0: DOUBLE (Line Drive, 9LD, EV 101.9 MPH)
Óscar Cardozo scores
Batting: RHB Paul Pitts 0-0: Intentional Walk
Batting: LHB Asberry Harpending 0-0: Foul Ball, location: 2F
0-1: Ball
1-1: Ball
2-1: SINGLE (Groundball, 34D, EV 95.0 MPH)
Todd Walker to third
Paul Pitts to second
Runner from 3rd tries for Home, throw by RF and OUT! 9-2
Batting: RHB Juan Oleastro 0-0: Foul Ball, location: 2F
0-1: Ball
1-1: 3-RUN HOME RUN (Flyball, 78XD, EV 105.6 MPH), Distance : 453 ft
Batting: RHB Roberto González 0-0: Foul Ball, location: 2F
0-1: Fly out, F9 (Flyball, 9, EV 86.2 MPH)
Top of the 7th over - 4 runs, 3 hits, 1 error, 0 left on base; Virginia Beach 4 - Tacoma 0
BOTTOM OF THE 7TH
Tacoma Fur Traders batting - Pitching for Virginia Beach Whales : LHP Remco Mansvelt
Batting: LHB Hori Ikenaki 0-0: Ball
1-0: Called Strike
1-1: Ball
2-1: Foul Ball, location: 2F
2-2: DOUBLE (Line Drive, 7LM, EV 107.5 MPH)
Batting: RHB Mo Westoby 0-0: Ball
1-0: Ball
2-0: Foul Ball, location: 2F
2-1: Ball
3-1: Base on Balls
Batting: LHB Ezequiel Viana 0-0: Ball
1-0: Ball
2-0: Swinging Strike
2-1: Foul Ball, location: 2F
2-2: Ball
3-2: Ground out 6-3 (Groundball, 4MS, EV 65.6 MPH)
Hori Ikenaki to third
Mo Westoby to second
Batting: RHB Iván Coello 0-0: Foul Ball, location: 2F
0-1: Ground out 1-3 (Groundball, 15S, EV 75.0 MPH)
Pitching: RHP Jack Elvidge
Batting: SHB Toshiyuki Gato 0-0: Ball
1-0: Foul Ball, location: 2F
1-1: Swinging Strike
1-2: Ball
2-2: Ball
3-2: Strikes out looking
Bottom of the 7th over - 0 runs, 1 hit, 0 errors, 2 left on base; Virginia Beach 4 - Tacoma 0
TOP OF THE 8TH
Virginia Beach Whales batting - Pitching for Tacoma Fur Traders : RHP Byron Cooling
Batting: RHB Nick Harper 0-0: Called Strike
0-1: Ball
1-1: TRIPLE (Line Drive, 78XD, EV 115.0 MPH)
Batting: RHB Jessie Gibbs 0-0: Called Strike
0-1: SINGLE (Line Drive, 9S, EV 108.8 MPH)
Nick Harper scores
Pitching: RHP Álex Ortíz
Batting: RHB Daniel MacKinder 0-0: Called Strike
0-1: Foul Ball, location: 2F
0-2: Foul Ball, location: 2F
0-2: DOUBLE (Flyball, 89D, EV 104.4 MPH)
Jessie Gibbs to third
Runner from 3rd tries for Home, SAFE, throw by CF to trailing runner, SAFE at third!
Batting: RHB Óscar Cardozo 0-0: Ball
1-0: DOUBLE (Line Drive, 7LD, EV 110.6 MPH)
Daniel MacKinder scores
Batting: RHB Todd Walker 0-0: Ball
1-0: Called Strike
1-1: Swinging Strike
1-2: Strikes out looking
Batting: RHB Paul Pitts 0-0: Called Strike
0-1: Ground out 6-3 (Groundball, 6, EV 105.0 MPH)
Batting: LHB Asberry Harpending 0-0: Ball
1-0: Ball
2-0: Ball
3-0: Base on Balls
Batting: RHB Juan Oleastro 0-0: Foul Ball, location: 2F
0-1: 3-RUN HOME RUN (Flyball, 7D, EV 104.4 MPH), Distance : 395 ft
Pitching: RHP Kenny Caird
Batting: RHB Roberto González 0-0: Swinging Strike
0-1: Called Strike
0-2: Ball
1-2: Ball
2-2: Foul Ball, location: 2F
2-2: SINGLE (Line Drive, 8RS, EV 104.4 MPH)
Batting: RHB Nick Harper 0-0: Called Strike
0-1: Ball
1-1: Fly out, F8 (Flyball, 8LM, EV 80.6 MPH)
Top of the 8th over - 6 runs, 6 hits, 0 errors, 1 left on base; Virginia Beach 10 - Tacoma 0
BOTTOM OF THE 8TH
Tacoma Fur Traders batting - Pitching for Virginia Beach Whales : RHP Jack Elvidge
Batting: RHB Terry Boyle 0-0: Called Strike
0-1: Foul Ball, location: 2F
0-2: Foul Ball, location: 2F
0-2: Ball
1-2: Ball
2-2: Ball
3-2: Foul Ball, location: 2F
3-2: Base on Balls
Batting: RHB Félix Olvera 0-0: Foul Ball, location: 2F
0-1: Foul Ball, location: 2F
0-2: Ball
1-2: Ball
2-2: Foul Ball, location: 2F
2-2: Grounds into double play, 5-4-3 (Groundball, 56S, EV 85.0 MPH)
Batting: RHB Axel Chicote 0-0: Called Strike
0-1: Ball
1-1: Foul Ball, location: 2F
1-2: SINGLE (Line Drive, 6MD, EV 95.6 MPH)
Batting: LHB Sam Bickerton 0-0: Ball
1-0: Swinging Strike
1-1: Fly out, F8 (Flyball, 8RD, EV 96.9 MPH)
Bottom of the 8th over - 0 runs, 1 hit, 0 errors, 1 left on base; Virginia Beach 10 - Tacoma 0
TOP OF THE 9TH
Virginia Beach Whales batting - Pitching for Tacoma Fur Traders : RHP Kenny Caird
Batting: RHB Jessie Gibbs 0-0: Ball
1-0: Ball
2-0: Called Strike
2-1: Ground out 6-3 (Groundball, 6, EV 88.1 MPH)
Batting: RHB Daniel MacKinder 0-0: SINGLE (Line Drive, 4D, EV 95.0 MPH)
Batting: RHB Óscar Cardozo 0-0: Called Strike
0-1: Called Strike
0-2: Strikes out looking
Batting: RHB Todd Walker 0-0: Ball
1-0: Fly out, F8 (Flyball, 8RD, EV 89.4 MPH)
Top of the 9th over - 0 runs, 1 hit, 0 errors, 1 left on base; Virginia Beach 10 - Tacoma 0
BOTTOM OF THE 9TH
Tacoma Fur Traders batting - Pitching for Virginia Beach Whales : RHP Jack Elvidge
Batting: LHB Hori Ikenaki 0-0: Called Strike
0-1: Called Strike
0-2: Ball
1-2: Foul Ball, location: 2F
1-2: Ball
2-2: SOLO HOME RUN (Line Drive, 9D, EV 97.5 MPH), Distance : 372 ft
Batting: RHB Mo Westoby 0-0: Ground out 3-1 (Groundball, 34, EV 80.0 MPH)
Batting: LHB Ezequiel Viana 0-0: Ball
1-0: Ball
2-0: Called Strike
2-1: Foul Ball, location: 2F
2-2: Strikes out swinging
Batting: RHB Iván Coello 0-0: Called Strike
0-1: Ball
1-1: Ball
2-1: Fly out, F7 (Flyball, 7, EV 85.6 MPH)
Bottom of the 9th over - 1 run, 1 hit, 0 errors, 0 left on base; Virginia Beach 10 - Tacoma 1
Friday, March 26th, 2021 - OOTP Baseball 20.8 Build 74